 Dungeon Crawl Stone Soup version 0.17-a0-528-gc205fd0 (webtiles) character file.

131 pidar the Sneak (level 4, -1/33 HPs)
             Began as a Vampire Assassin on Apr 12, 2015.
             Killed by divine providence
             ... invoked by an orc priest
              (13 damage)
             ... on level 3 of the Dungeon.
             The game lasted 00:15:05 (2472 turns).

pidar the Sneak (Vampire Assassin)                  Turns: 2472, Time: 00:15:05

Health: -1/33      AC: 10    Str: 11    XL:     4   Next: 91%
Magic:  4/4        EV:  9    Int: 13    God:
Gold:   131        SH:  0    Dex: 15    Spells: 0 memorised, 3 levels left

rFire  . . .     SeeInvis +     a - +2 dagger
rCold  . . .     Clarity  .     i - +3 scale mail
rNeg   + . .     SustAb   .     (no shield)
rPois  .         Gourm    .     (no helmet)
rElec  .         Spirit   .     d - +0 cloak
rCorr  .         Warding  .     (no gloves)
rMut   .         Stasis   .     (no boots)
MR     .....                    (no amulet)
Stlth  +++.......               (no ring)
                                (no ring)

@: not resistant to hostile enchantments, fairly stealthy
A: fangs 3, see invisible, unbreathing
a: Bat Form


You were on level 3 of the Dungeon.
You were not thirsty.

You visited 1 branch of the dungeon, and saw 3 of its levels.

You collected 131 gold pieces.

Inventory:

Hand weapons
 a - a +2 dagger (weapon)
Armour
 d - a +0 cloak (worn)
 i - a +3 scale mail (worn)
Magical devices
 g - a wand of slowing (4)
 n - a wand of magic darts (31)
Scrolls
 f - 2 scrolls of teleportation
 h - 2 scrolls of identify {unknown}
 j - 2 scrolls of remove curse {unknown}
 l - 2 scrolls of enchant weapon {unknown}
 m - a scroll of immolation {unknown}
 o - a scroll of blinking {unknown}
 p - a scroll of magic mapping {unknown}
Potions
 e - a potion of heal wounds {unknown}
 k - a potion of brilliance {unknown}


   Skills:
 - Level 1.7 Fighting
 + Level 4.1 Short Blades
 - Level 1.5 Throwing
 - Level 1.9 Dodging
 + Level 7.7 Stealth


You had 3 spell levels left.
You didn't know any spells.

Dungeon Overview and Level Annotations

Branches:
Dungeon (3/15)

Altars:
Makhleb
The Shining One


Innate Abilities, Weirdness & Mutations

You have razor-sharp teeth.
You have supernaturally acute eyesight.
You can survive without breathing.


Message History

There is an open door here.
There is a glowing golden altar of the Shining One here.
There is an open door here.
You start resting.
You strike the helpless orc from a blind spot!
You impale the orc!!
You kill the orc!
You start resting.
An orc priest is nearby!
The orc priest looks braver.
The orc priest mumbles some strange prayers to Beogh against you.
Something smites you!
You hit the orc priest.
The orc priest is heavily wounded.
The orc priest hits you with a mace.
You barely miss the orc priest. Your bite misses the orc priest.
The orc priest is heavily wounded.
The orc priest calls down the wrath of Beogh upon you.
Something smites you!
You die...

######..# #.#
#.# #..# #.#
#.# #.%# #.#
#.##
#..########
#.# #...
#.......).#
#.# ####
#..##...#..
oo ##.#...###
.o#
#.#..##_##..#
#.#.@.'##...#
#..oP..#....#
#..P≈P.....?#
#...≈.....#.#
#...P..⌠..#
#.#.......#
#.##.#..###
#.##.####
#.##.#


You could see an orc priest.

Vanquished Creatures
  Ijyb (D:2)
  5 adders
  2 giant geckos (D:1)
  An ooze (D:3)
  An orc (D:3)
  9 bats
  5 giant cockroaches
  5 hobgoblins
  7 kobolds
  2 giant cockroach zombies (D:1)
  2 giant newts
  9 goblins
  6 rats
55 creatures vanquished.

Notes
Turn   | Place    | Note
--------------------------------------------------------------
     0 | D:1      | pidar, the Vampire Assassin, began the quest for the Orb.
     0 | D:1      | Reached XP level 1. HP: 16/16 MP: 1/1
    61 | D:1      | Reached skill level 6 in Stealth
   132 | D:1      | Reached XP level 2. HP: 2/22 MP: 2/2
  1228 | D:1      | Reached XP level 3. HP: 25/27 MP: 3/3
  1468 | D:2      | Noticed Ijyb
  1491 | D:2      | Killed Ijyb
  1500 | D:2      | Found a burning altar of Makhleb.
  1535 | D:2      | Reached skill level 7 in Stealth
  1535 | D:2      | Reached XP level 4. HP: 18/33 MP: 4/4
  2406 | D:3      | Found a glowing golden altar of the Shining One.
  2472 | D:3      | Killed from afar by an orc priest

Action                   |  1- 3 |  4- 6 || total
-------------------------+-------+-------++-------
Melee: Dagger            |   124 |    91 ||   215
 Abil: End Transformatio |     1 |       ||     1
       Bat Form          |     1 |       ||     1
  Use: Potion            |     2 |       ||     2
       Scroll            |       |     3 ||     3
 Stab: Sleeping          |     4 |     4 ||     8
       Invisible         |     3 |       ||     3
       Distracted        |       |     1 ||     1
  Eat: Corpse            |     1 |     4 ||     5
